 Dungeon Crawl Stone Soup version 0.30-a0-778-g2ef04afb54 (webtiles) character file.

Game seed: 7939422435578452190

7541 themarg the Fighter (level 10, -12/85 HPs)
             Began as a Demonspawn Fire Elementalist on Feb 16, 2023.
             Was an Elder of Jiyva.
             Mangled by a skeletal warrior
             ... wielding a +3 heavy scimitar
              (18 damage)
             ... on level 10 of the Dungeon.
             The game lasted 00:33:10 (6995 turns).

themarg the Fighter (Demonspawn Fire Elementalist)  Turns: 6995, Time: 00:33:10

Health: -12/85     AC:  5    Str: 17    XL:     10   Next: 96%
Magic:  11/20      EV: 15    Int: 22    God:    Jiyva [****..]
Gold:   168        SH:  4    Dex: 22    Spells: 11/23 levels left

rFire   . . .      SeeInvis .    m - +1 short sword
rCold   . . .      Faith    .    (no shield)
rNeg    . . .      Spirit   .    n - +2 robe
rPois   .          Reflect  .    (no helmet)
rElec   .          Harm     .    p - +0 cloak
rCorr   +          Rampage  .    (no gloves)
Will    .....                    (boots unavailable)
Stlth   +++                      (no amulet)
HPRegen 1.62/turn                t - +6 ring of dexterity
MPRegen 0.74/turn                J - +6 ring of dexterity

@: calling ooze
A: claws 1, large bone plates 1, foul stench 1, magic regeneration, talons 3,
clever 1, strong 2, jelly sensing items, engulf
a: Renounce Religion, Oozemancy, Slimify


You were on level 10 of the Dungeon.
You worshipped Jiyva.
Jiyva was greatly pleased with you.
You visited 1 branch of the dungeon, and saw 10 of its levels.
You also visited: Sewer.

You collected 252 gold pieces.
You spent 84 gold pieces at shops.

Inventory:

Hand Weapons
 i - a +3 dire flail
 j - a +0 vampiric short sword
 m - a +1 short sword (weapon)
 q - a +4 quarterstaff of chaos
 w - a +0 whip of electrocution
 C - a +2 mace
 G - a +0 flail of draining
 I - a +1 dagger of draining
Missiles
 c - 63 stones
 g - 6 poisoned darts
 u - a throwing net
 B - 4 boomerangs
Armour
 n - a +2 robe (worn)
 p - a +0 cloak (worn)
 r - a +0 robe of willpower
 E - a +1 pair of boots
Magical Staves
 o - a staff of earth
Jewellery
 t - a +6 ring of dexterity (left claw)
 J - a +6 ring of dexterity (right claw)
Wands
 A - a wand of flame (36)
Scrolls
 d - a scroll of poison {unknown}
 f - 2 scrolls of brand weapon
 k - a scroll of immolation {unknown}
 v - a scroll of amnesia {unknown}
 y - a scroll of noise {unknown}
 D - a scroll of fog {unknown}
 H - 4 scrolls of identify
Potions
 a - 2 potions of curing
 b - a potion of magic
 e - 2 potions of lignification
 h - 2 potions of mutation {unknown}
 l - a potion of might {unknown}
 s - 2 potions of brilliance
 x - a potion of attraction {unknown}
 z - a potion of invisibility {unknown}
 F - a potion of degeneration {unknown}


   Skills:
 - Level 10.0 Fighting
 - Level 5.0 Dodging
 - Level 3.0 Stealth
 + Level 7.0 Spellcasting
 - Level 5.0 Conjurations
 - Level 2.0 Translocations
 - Level 7.0 Fire Magic
 * Level 3.3 Earth Magic
 - Level 2.0 Evocations


You had 11 spell levels left.
You knew the following spells:

 Your Spells              Type           Power      Damage    Failure   Level
a - Foxfire               Conj/Fire      100%       2x1d9     1%          1
b - Scorch                Fire           76%        2d8       1%          2
c - Flame Wave            Conj/Fire      34%        2d10      7%          4
d - Stone Arrow           Conj/Erth      52%        3d10      4%          3
e - Passwall              Tmut/Erth      12%        N/A       6%          2

Your spell library contained the following spells:

 Spells                   Type           Power      Damage    Failure   Level
 Sandblast                Erth           44%        2d11      1%          1
 Inner Flame              Hex/Fire       23%        N/A       6%          3
 Kindle Blastsparks       Fire/Tloc/Air  40%        2d13      7%          3


Dungeon Overview and Level Annotations

Branches:
Dungeon (10/15)            Temple (0/1) D:7            Lair (0/5) D:10
  Sewer (visited)
    Orc: D:9-12

Altars:
Cheibriados
Fedhas
Makhleb
Ru
Uskayaw
Wu Jian
Xom
Yredelemnul
Jiyva

Shops:
D:5 :**(=   D:8 (   D:9 *


Innate Abilities, Weirdness & Mutations

You have sharp fingernails.
You are partially covered in large bone plates. (SH +4)
You may rarely emit foul miasma when damaged in melee.
You regenerate magic rapidly.
You have claws for feet.
Your mind is acute. (Int +4, Str/Dex -1)
Your muscles are very strong. (Str +8, Int/Dex -2)
You have a small jelly attached to you that senses nearby items.
Your melee attacks may engulf your foes in ooze.


Message History

The skeletal warrior is lightly damaged.
The flame wave engulfs the skeletal warrior but does no damage.
The skeletal warrior is lightly damaged.
The flame wave engulfs the skeletal warrior.
The skeletal warrior is lightly damaged.
The flame wave engulfs the skeletal warrior.
The skeletal warrior is lightly damaged.
You finish channelling waves of flame.
You block the skeletal warrior's attack.
The skeletal warrior hits you with a +0 hand axe!
You block the skeletal warrior's attack.
Activating: Oozemancy (2% risk of failure)
Press: ? - help, Dir - look around, f - activate Slime begins to ooze from the nearby walls!
You will no longer expel jellies when injured.
The skeletal warrior hits you with a +0 war axe!
The skeletal warrior hits you from afar with a +0 halberd!
The walls burn the skeletal warrior!
The skeletal warrior barely misses you.
Casting: Flame Wave (dangerous; 7% risk of failure)
Press: ? - help, Dir - look around, f - activate A wave of flame ripples out!
The flame wave engulfs the skeletal warrior.
The skeletal warrior is lightly damaged.
The flame wave engulfs the skeletal warrior!
The skeletal warrior is heavily damaged.
The flame wave engulfs the skeletal warrior.
The skeletal warrior is moderately damaged.
The flame wave engulfs the skeletal warrior but does no damage.
The skeletal warrior is lightly damaged. (Press . to intensify the flame waves.)
The skeletal warrior hits you from afar with a +0 halberd!!
* * * LOW HITPOINT WARNING * * *
The skeletal warrior closely misses you.
The walls burn the skeletal warrior!
The skeletal warrior completely misses you.
The walls burn the skeletal warrior!
The skeletal warrior hits you with a +0 war axe!
* * * LOW HITPOINT WARNING * * *
The skeletal warrior hits you with a +3 heavy scimitar!!
You die...

#################
................# .....#
.>..............+ .....#
..........<.....# .....#
........##.....#######.....#
#####...##.....#...........#
....#...##.....#...........#
....#..........#z..........#
....#..........#@zz........#
....#..........#zz.........#
....'..........#...........#
....#..........#...........#
....############...........#
......................######
#'##..................#
...#..................#
...#..................+


You could see 5 skeletal warriors.

Vanquished Creatures
  Joseph (D:7)
  2 trolls
  A hornet (D:10)
  Prince Ribbit (D:5)
  Sigmund (D:2)
  2 shadows
  2 wyverns
  9 yaks
  An acid dragon (D:8)
  Duvessa (D:5)
  A water moccasin (D:6)
  4 ice beasts
  2 orc warriors (D:9)
  2 sky beasts
  2 centaurs
  A phantom (D:7)
  3 kobold brigands
  5 bullfrogs
  A gnoll sergeant (D:7)
  A necrophage (D:5)
  2 scorpions
  Dowan (D:5)
  7 wights
  7 killer bees
  3 howler monkeys
  2 bullfrog zombies (D:5)
  A centaur zombie (D:5)
  4 orc priests
  Crazy Yiuf (D:3)
  2 gnoll boudas
  3 hounds
  A centaur skeleton (D:5)
  An iguana (D:6)
  Ijyb (D:5)
  8 orc wizards
  A scorpion zombie (D:5)
  A mummy (D:7)
  A hound zombie (D:5)
  17 gnolls
  5 adders
  4 river rats (Sewer)
  2 shadow imps
  A worm (D:2)
  2 dart slugs
  17 orcs
  5 ball pythons
  3 bats
  2 endoplasms (D:1)
  5 giant cockroaches
  6 goblins
  4 hobgoblins
  17 jackals
  17 kobolds
  6 quokkas
  5 frilled lizards
  5 rats
213 creatures vanquished.

Vanquished Creatures (collateral kills)
  A komodo dragon (D:10)
  4 foxfires
5 creatures vanquished.

Vanquished Creatures (others)
  A wraith (D:9)
  An ice beast (D:6)
  2 black bears (D:5)
  A phantom (D:5)
  A bullfrog (D:6)
  A killer bee (D:9)
  2 hounds (D:6)
  6 jellies
  An orc wizard (D:9)
  5 adders
  7 orcs
  A ball python (Sewer)
  A bat (shapeshifter) (D:9)
  2 endoplasms (D:2)
  3 giant cockroaches
  4 hobgoblins (D:4)
  4 jackals
  2 kobolds
  2 goblins
  6 rats
  236 foxfires
  A fungus (D:1)
  48 plants
  2 withered plants (D:5)
340 creatures vanquished.

Grand Total: 558 creatures vanquished

Notes
Turn   | Place    | Note
-------+----------+-------------------------------------------
     0 | D:1      | themarg the Demonspawn Fire Elementalist began the quest
                  | for the Orb.
     0 | D:1      | Reached XP level 1. HP: 13/13 MP: 3/3
   403 | D:1      | Gained mutation: You regenerate magic rapidly. [demonic
                  | ancestry]
   403 | D:1      | Reached XP level 2. HP: 19/19 MP: 1/5
   406 | D:1      | Learned a level 2 spell: Scorch
   604 | D:1      | Reached XP level 3. HP: 24/24 MP: 0/6
   922 | D:1      | Found a faded altar of an unknown god.
  1283 | D:1      | Prayed at the altar of an unknown god.
  1283 | D:1      | Became a worshipper of Jiyva Juidireo the Shapeless
  1283 | D:1      | Reached * piety under Jiyva
  1361 | D:2      | Noticed Sigmund
  1393 | D:2      | Killed Sigmund
  1394 | D:2      | Reached XP level 4. HP: 19/30 MP: 3/7
  1394 | D:2      | Reached XP level 5. HP: 22/35 MP: 3/8
  1767 | D:2      | Reached ** piety under Jiyva
  1964 | D:3      | Found a sacrificial altar of Ru.
  2310 | D:3      | Found a runed translucent door.
  2311 | D:3      | Noticed Crazy Yiuf
  2317 | D:3      | Killed Crazy Yiuf
  2318 | D:3      | Gained mutation: You have sharp fingernails. [demonic
                  | ancestry]
  2318 | D:3      | Reached XP level 6. HP: 41/41 MP: 3/9
  2453 | D:4      | Found an ornate altar of the Wu Jian Council.
  2466 | D:4      | Reached skill level 5 in Fire Magic
  2497 | D:4      | Reached *** piety under Jiyva
  2522 | D:4      | Reached skill level 1 in Fighting
  2544 | D:4      | Gained mutation: Your translucent skin slightly reduces
                  | your foes' accuracy. (Stealth+) [Jiyva's grace]
  2544 | D:4      | Gained mutation: Your translucent skin reduces your foes'
                  | accuracy. (Stealth+) [Jiyva's grace]
  2544 | D:4      | Gained mutation: Your transparent skin significantly
                  | reduces your foes' accuracy. (Stealth+) [Jiyva's grace]
  2544 | D:4      | Gained mutation: You have a small jelly attached to you
                  | that senses nearby items. [Jiyva's grace]
  2563 | D:4      | Found a glowing drain.
  2572 | Sewer    | Entered a sewer
  2668 | Sewer    | Reached skill level 2 in Fighting
  3079 | D:4      | Reached XP level 7. HP: 51/51 MP: 4/10
  3182 | D:4      | Reached skill level 3 in Fighting
  3296 | D:5      | Entered Level 5 of the Dungeon
  3374 | D:5      | Found Isingac's General Store.
  3376 | D:5      | Found Suesiull's Book Boutique.
  3393 | D:5      | Reached **** piety under Jiyva
  3409 | D:5      | Found Soggoosa's Antique Weapon Shoppe.
  3421 | D:5      | Reached skill level 4 in Fighting
  3426 | D:5      | Noticed Ijyb
  3444 | D:5      | Killed Ijyb
  3466 | D:5      | Found Kofigh's Jewellery Shoppe.
  3481 | D:5      | Noticed Prince Ribbit
  3485 | D:5      | Killed Prince Ribbit
  3486 | D:5      | Reached skill level 5 in Fighting
  3583 | D:5      | Found a blossoming altar of Fedhas.
  3626 | D:5      | Found Ocell's Assorted Antiques.
  3695 | D:5      | Noticed Duvessa
  3697 | D:5      | Noticed Dowan
  3701 | D:5      | Killed Duvessa
  3702 | D:5      | Gained mutation: You may rarely emit foul miasma when
                  | damaged in melee. [demonic ancestry]
  3702 | D:5      | Reached XP level 8. HP: 62/62 MP: 5/11
  3706 | D:5      | Killed Dowan
  3725 | D:5      | Found a hide-covered altar of Uskayaw.
  3899 | D:5      | Bought a scroll labelled POZUYDD KEEHAC for 28 gold pieces
  3901 | D:5      | Bought a scroll of identify for 56 gold pieces
  3939 | D:6      | Reached skill level 5 in Conjurations
  3944 | D:6      | Learned a level 4 spell: Flame Wave
  4189 | D:6      | Reached skill level 1 in Evocations
  4495 | D:6      | Gained mutation: You are partially covered in large bone
                  | plates. (SH +4) [demonic ancestry]
  4495 | D:6      | Reached XP level 9. HP: 68/68 MP: 11/15
  4706 | D:7      | Lost mutation: Your transparent skin significantly reduces
                  | your foes' accuracy. (Stealth+) [Jiyva's grace]
  4706 | D:7      | Lost mutation: Your translucent skin reduces your foes'
                  | accuracy. (Stealth+) [Jiyva's grace]
  4706 | D:7      | Lost mutation: Your translucent skin slightly reduces your
                  | foes' accuracy. (Stealth+) [Jiyva's grace]
  4706 | D:7      | Gained mutation: Your mind is acute. (Int +4, Str/Dex -1)
                  | [Jiyva's grace]
  4706 | D:7      | Gained mutation: Your mind is very acute. (Int +8, Str/Dex
                  | -2) [Jiyva's grace]
  4706 | D:7      | Gained mutation: Your muscles are strong. (Str +4, Int/Dex
                  | -1) [Jiyva's grace]
  4706 | D:7      | Gained mutation: Your muscles are very strong. (Str +8,
                  | Int/Dex -2) [Jiyva's grace]
  4744 | D:7      | Reached skill level 6 in Fighting
  4749 | D:7      | Found a staircase to the Ecumenical Temple.
  4918 | D:7      | Reached skill level 7 in Fighting
  4947 | D:7      | Noticed Joseph
  4955 | D:7      | Killed Joseph
  5062 | D:7      | Reached skill level 8 in Fighting
  5166 | D:7      | Found a snail-covered altar of Cheibriados.
  5320 | D:8      | Found Foat's Weapon Emporium.
  5363 | D:8      | Reached skill level 9 in Fighting
  5462 | D:8      | Found a basalt altar of Yredelemnul.
  5541 | D:8      | Reached skill level 10 in Fighting
  5541 | D:8      | Reached XP level 10. HP: 83/85 MP: 10/16
  5712 | D:8      | Reached skill level 5 in Dodging
  6001 | D:9      | Reached skill level 5 in Spellcasting
  6007 | D:9      | Noticed a two-headed ogre
  6067 | D:9      | Lost mutation: Your mind is very acute. (Int +8, Str/Dex
                  | -2) [Jiyva's grace]
  6067 | D:9      | Gained mutation: Your melee attacks may engulf your foes in
                  | ooze. [Jiyva's grace]
  6067 | D:9      | Gained mutation: You have sharp toenails. [Jiyva's grace]
  6067 | D:9      | Gained mutation: You have razor-sharp toenails. [Jiyva's
                  | grace]
  6067 | D:9      | Gained mutation: You have claws for feet. [Jiyva's grace]
  6070 | D:9      | Found Etohon's Assorted Antiques.
  6070 | D:9      | Found a shimmering altar of Xom.
  6072 | D:9      | Found a shimmering altar of Xom.
  6073 | D:9      | Found a shimmering altar of Xom.
  6091 | D:9      | Found a shimmering altar of Xom.
  6093 | D:9      | Found a shimmering altar of Xom.
  6135 | D:8      | Learned a level 3 spell: Stone Arrow
  6185 | D:9      | Reached skill level 1 in Translocations
  6185 | D:9      | Reached skill level 1 in Earth Magic
  6537 | D:10     | Entered Level 10 of the Dungeon
  6551 | D:9      | Noticed a mana viper
  6583 | D:10     | Learned a level 2 spell: Passwall
  6595 | D:10     | Noticed a skeletal warrior
  6638 | D:10     | Paralysed by a hornet for 1 turns
  6727 | D:10     | Reached ***** piety under Jiyva
  6787 | D:10     | Found a staircase to the Lair.
  6889 | D:10     | Found a burning altar of Makhleb.
  6982 | D:10     | Noticed a skeletal warrior
  6982 | D:10     | Noticed a skeletal warrior
  6982 | D:10     | Noticed a skeletal warrior
  6984 | D:10     | Noticed a skeletal warrior
  6995 | D:10     | Mangled by a skeletal warrior

Illustrated notes

Levels and vault maps discovered:
D:1:      dpeg_arrival_water_temple_mockup, layout_loops_ring,
          shapermc_ecumenical_altar_ellora
D:2:      layout_rooms, patterned_corridor, uniq_sigmund
D:3:      layout_rooms, mainiacjoe_overflow_boulevard, roderic_roman_lattice,
          uniq_crazy_yiuf_cottage
D:4:      layout_rooms, nicolae_overflow_crystal_walls, portal_sewer_entry_f
D:5:      layout_rooms, mainiacjoe_overflow_alcove_1,
          nicolae_uskayaw_dance_hall, serial_shops, nicolae_shop_hallway_stairs,
          shop, nicolae_stop_n_shop_2, nicolae_shop_overgrown_old_shop, shop,
          serial_undead, serial_undead_c, serial_undead_f, serial_undead_b,
          serial_undead_a, uniq_ijyb, uniq_duvessa, uniq_prince_ribbit1
D:6:      layout_cave_pods, kennysheep_donut
D:7:      layout_basic, slow_altar_2, minmay_temple_entry_junction, uniq_joseph
D:8:      layout_cave_pools, mainiacjoe_overflow_surrounded_room,
          nicolae_overflow_hidden_temple, serial_shops,
          nicolae_shop_hallway_stairs, kennysheep_cluttered_room
D:9:      layout_cave_pools, xom_shifter_show, serial_shops, shop,
          lightli_orcish_oven
D:10:     layout_gridville, lightli_temple_of_fire, nicolae_gozag_seed_capital,
          david_lair_shrubbed

Skill      XL: |  1  2  3  4  5  6  7  8  9 10 |
---------------+-------------------------------+-----
Stealth        | 2 3 |  3.0
Fire Magic     | 3 4 5 7 |  7.0
Conjurations   | 2 3 4 5 |  5.0
Dodging        | 3 5 |  5.0
Fighting       | 2 5 10 | 10.0
Spellcasting   | 4 7 |  7.0
Evocations     | 2 |  2.0
Translocations | 2 |  2.0
Earth Magic    | 3 |  3.3

Action                     |  1- 3 |  4- 6 |  7- 9 | 10-12 || total
---------------------------+-------+-------+-------+-------++-------
  Melee: Spear             |     5 |       |       |       ||     5
         Dagger            |     7 |     9 |    17 |       ||    33
         Short sword       |       |       |       |     7 ||     7
         Kick              |       |       |       |     4 ||     4
         Punch             |       |       |       |     1 ||     1
   Cast: Foxfire           |    43 |    24 |    81 |       ||   148
         Scorch            |    13 |    52 |   125 |    52 ||   242
         Flame Wave        |       |       |     2 |    21 ||    23
         Stone Arrow       |       |       |       |     4 ||     4
         Passwall          |       |       |       |     3 ||     3
 Invoke: Oozemancy         |       |       |     4 |     2 ||     6
    Use: Scroll            |       |       |     5 |     1 ||     6
         Potion            |       |       |     1 |       ||     1
 Armour: Robe              |     5 |     2 |    23 |    15 ||    45
  Dodge: Dodged            |    17 |    15 |    68 |    68 ||   168
  Block: Other             |       |       |     4 |    13 ||    17

Table legend: (Time is in decaauts)
 A = Elapsed time spent in this place.
 B = Non-inter-level travel time spent in this place.
 C = Inter-level travel time spent in this place.
 D = Time resting spent in this place.
 E = Time spent auto-exploring this place.
 F = Levels seen in this place.
 G = Mean time per level.
                   A        B        C        D        E       F      G
               +--------+--------+--------+--------+--------+-----+--------+
         Total |   7122 |   6597 |    525 |     69 |   4802 |  11 |  647.5 |
       Dungeon |   6589 |   6064 |    525 |     69 |   4420 |  10 |  658.9 |
         Sewer |    532 |    532 |      0 |      0 |    381 |   1 |  532.0 |
               +--------+--------+--------+--------+--------+-----+--------+

Top non-repeatable levels by time:
     D:1: 1360 daAuts
     D:6: 806 daAuts
     D:8: 673 daAuts
     D:5: 617 daAuts
     D:7: 613 daAuts
     D:2: 602 daAuts
     D:9: 577 daAuts
   Sewer: 532 daAuts
     D:3: 463 daAuts
     D:4: 441 daAuts
    D:10: 431 daAuts
